[Event "Kragero Resort International 2022"]
[Site "Kragero"]
[Date "2022.02.26"]
[Round "7.23"]
[White "Hirneise, Jens"]
[Black "Briem, Stephan"]
[Result "1-0"]
[ECO "C42"]
[WhiteElo "2327"]
[BlackElo "2039"]
[Annotator "NA"]
[PlyCount "57"]
[EventDate "2022.02.23"]
[EventType "swiss"]
[EventCountry "NOR"]
[SourceTitle "playchess.com"]
[Source "ChessBase"]
[SourceQuality "1"]
[TimeControl "5400+30"]

1. e4 e5 2. Nf3 Nf6 3. Nxe5 d6 4. Nf3 Nxe4 5. Bd3 Nc5 6. Be2 d5 7. d4 Ne4 8. O-O Be7 9. c4 c6 10. Nc3 Nxc3 11. bxc3 dxc4 12. Bxc4 Nd7 13. a4 O-O 14. a5 Qc7 15. Re1 Bd6 16. Bg5 b5 17. Bd3 h6 $14 18. Bh4 a6 19. Qe2 Bb7 20. Qe4 g6 21. Qg4 Kg7 22. Re6 Rg8 23. Rxg6+ fxg6 24. Qxg6+ Kf8 25. Qf5+ Kg7 26. Re1 Rh8 27. Be7 Ne5 28. Qf6+ Kg8 29. Rxe5 1-0

[Event "Kragero Resort International 2022"]
[Site "Kragero"]
[Date "2022.02.26"]
[Round "7.24"]
[White "Bjorgvinsson, Andri Freyr"]
[Black "Alinasab, Mobina"]
[Result "0-1"]
[ECO "E04"]
[WhiteElo "2096"]
[BlackElo "2325"]
[Annotator "NA"]
[PlyCount "102"]
[EventDate "2022.02.23"]
[EventType "swiss"]
[EventCountry "NOR"]
[SourceTitle "playchess.com"]
[Source "ChessBase"]
[SourceQuality "1"]
[TimeControl "5400+30"]

1. d4 d5 2. c4 e6 3. g3 Nf6 4. Bg2 dxc4 5. Nf3 c6 6. O-O b5 7. a4 Bb7 8. b3 cxb3 9. Qxb3 a6 10. Nc3 Nbd7 11. Rd1 Be7 ({Black should play} 11... b4 $15 12. Ne1 a5) 12. Ne5 Nd5 $11 (12... b4 $5 13. Bg5 a5 $15) 13. Ne4 Nxe5 14. dxe5 O-O 15. Nd6 Qc7 16. Ba3 Nb6 17. Rac1 Nc4 18. Nxc4 bxc4 19. Rxc4 Bxa3 20. Qxa3 Qxe5 21. Qb3 Rab8 22. Rb4 Ba8 23. Rxb8 Rxb8 24. Qd3 Qa5 25. Qd6 Rf8 26. Bxc6 h5 27. h4 Bxc6 28. Qxc6 Rb8 29. Qe4 Qc3 30. Qf4 Rc8 31. Rd7 Qc1+ 32. Qxc1 Rxc1+ 33. Kg2 Rc4 34. Kf3 Rxa4 35. Ra7 g6 36. e3 Kg7 37. Rc7 Kf6 38. Ra7 e5 39. Ra8 Ke6 40. Re8+ Kf5 41. Re7 f6 42. Ra7 e4+ 43. Kg2 Ra2 44. Rb7 Ra4 45. Rc7 g5 46. Rc5+ Kg4 47. Rc6 gxh4 48. gxh4 f5 49. Rf6 a5 50. Kf1 Ra1+ 51. Ke2 a4 0-1

[Event "Kragero Resort International 2022"]
[Site "Kragero"]
[Date "2022.02.26"]
[Round "7.25"]
[White "Zadruzny, Nicolaj"]
[Black "Mierins, Emils Janis"]
[Result "1/2-1/2"]
[ECO "B38"]
[WhiteElo "2280"]
[BlackElo "2025"]
[Annotator "ChessBase"]
[PlyCount "221"]
[EventDate "2022.02.23"]
[EventType "swiss"]
[EventCountry "NOR"]
[SourceTitle "playchess.com"]
[Source "ChessBase"]
[SourceQuality "1"]
[TimeControl "5400+30"]

1. d4 Nf6 2. Nf3 g6 3. c4 c5 4. Nc3 cxd4 5. Nxd4 Bg7 6. e4 O-O 7. Be2 Nc6 8. Be3 d6 9. O-O a6 10. Qd2 Nd7 11. Nc2 Nb6 12. Rad1 Be6 13. b3 Qc7 14. f4 f5 15. Nd5 Bxd5 16. exd5 Nd8 17. Bd4 Nd7 18. Bxg7 Kxg7 19. Nd4 Nf6 20. Bf3 b5 21. Rc1 bxc4 22. Rxc4 Qb7 23. Rfc1 Ne4 24. Bxe4 fxe4 25. Nc6 Nxc6 26. dxc6 Qb6+ 27. Kh1 e3 28. Qc3+ e5 29. Re4 Rac8 30. h3 e2 31. Rxe2 Rxf4 32. Rd2 Rxc6 33. Qxc6 Rf1+ 34. Rxf1 Qxc6 35. Rfd1 Qc3 36. Rxd6 a5 37. R6d3 Qc2 38. R3d2 Qc3 39. Re2 Qc5 40. Rde1 Qa3 41. Rc2 a4 42. bxa4 Qxa4 43. Rce2 h5 44. Rf2 Qa5 45. Re3 Qc5 46. Rfe2 Qc1+ 47. Kh2 Qf1 48. Rxe5 Qf4+ 49. g3 Qa4 50. h4 Qd1 51. Rf2 Qd7 52. Re4 Qb7 53. Ref4 Qa6 54. Rf6 Qc4 55. Rf8 Kh6 56. R8f4 Qa6 57. a4 Qa5 58. Rb2 Qe5 59. Ra2 Qd5 60. Rff2 Qa5 61. Rfb2 Kg7 62. Rb5 Qa6 63. Rc5 Qb6 64. Rac2 Qb3 65. a5 Qa3 66. Rg5 Qa4 67. Rb2 Qc4 68. Rgb5 Qa4 69. Rc5 Kh6 70. Rbc2 Qa1 71. Kg2 Qa4 72. R2c3 Qe4+ 73. Kf2 Qd4+ 74. Ke2 Qa4 75. Kd3 Qa2 76. Kd4 Qa4+ 77. Kd3 Qa2 78. Rg5 Qa4 79. Rc4 Qa3+ 80. Ke4 Qd6 81. Rcc5 Qd7 82. Rb5 Qe6+ 83. Kd4 Qd6+ 84. Kc4 Qc6+ 85. Kb4 Qd6+ 86. Rbc5 Qa6 87. Ka4 Qb7 88. Rb5 Qe4+ 89. Rb4 Qc6+ 90. Kb3 Qe6+ 91. Rc4 Qd6 92. Ka4 Qd7+ 93. Kb4 Qb7+ 94. Rb5 Qe7+ 95. Rbc5 Qb7+ 96. Ka4 Qd7+ 97. Rc6 Qd1+ 98. Kb5 Qb3+ 99. Rb4 Qd5+ 100. Kb6 Qd8+ 101. Kb5 Qd5+ 102. Rc5 Qb7+ 103. Ka4 Qd7+ 104. Rcb5 Qc6 105. Rb3 Qc4+ 106. Ka3 Qc1+ 107. Kb4 Qc6 108. Rb6 Qe4+ 109. Kb5 Qd5+ 110. Ka4 Qd7+ 111. Ka3 1/2-1/2

[Event "Kragero Resort International 2022"]
[Site "Kragero"]
[Date "2022.02.26"]
[Round "7.26"]
[White "Unneland, Mathias"]
[Black "Sorensen, Simen"]
[Result "1/2-1/2"]
[ECO "B48"]
[WhiteElo "2262"]
[BlackElo "2014"]
[Annotator "NA"]
[PlyCount "93"]
[EventDate "2022.02.23"]
[EventType "swiss"]
[EventCountry "NOR"]
[SourceTitle "playchess.com"]
[Source "ChessBase"]
[SourceQuality "1"]
[TimeControl "5400+30"]

1. e4 c5 2. Nf3 e6 3. d4 cxd4 4. Nxd4 Nc6 5. Nc3 Qc7 6. Be3 a6 7. Qf3 d6 8. Nxc6 Qxc6 9. O-O-O b5 10. a3 Bb7 11. Be2 Nf6 12. Qg3 Rc8 13. Bf3 Nd7 14. Bf4 {[%emt 0:08:15] [#]} (14. Rd2 $11) 14... e5 $1 15. Be3 {[%emt 0:00:41] [#]} (15. Qh3 $17) 15... a5 $19 16. Rd2 b4 17. Nb1 Nf6 18. Re1 Nxe4 19. Bxe4 Qxe4 20. f4 Qg6 21. Qh3 f5 22. fxe5 dxe5 23. Bf4 e4 24. Qd3 Qc6 25. Qd4 bxa3 26. Qe5+ Be7 27. Nxa3 Qf6 28. Qxf6 gxf6 29. Nb5 Kf7 30. Red1 Ba6 31. Nd6+ Bxd6 32. Rxd6 Bd3 33. Rd2 Rc5 34. Kb1 Bb5 35. Be3 Rc6 36. R6d5 Rb8 37. Rxf5 a4 38. Rd4 Kg6 39. g4 Be2 40. Rxe4 Bxg4 41. Rc5 Bf5 42. Rxa4 Rcb6 43. Bd4 Re6 44. Bf2 Reb6 45. Bd4 Re6 46. h4 h5 47. Bf2 1/2-1/2

[Event "Kragero Resort International 2022"]
[Site "Kragero"]
[Date "2022.02.26"]
[Round "7.27"]
[White "Altarbosh, Ward"]
[Black "Krivenko, Dion"]
[Result "1-0"]
[ECO "B45"]
[WhiteElo "2221"]
[BlackElo "2012"]
[Annotator "NA"]
[PlyCount "103"]
[EventDate "2022.02.23"]
[EventType "swiss"]
[EventCountry "NOR"]
[SourceTitle "playchess.com"]
[Source "ChessBase"]
[SourceQuality "1"]
[TimeControl "5400+30"]

1. e4 c5 2. Nf3 e6 3. d4 cxd4 4. Nxd4 Nf6 5. Nc3 Nc6 6. Nxc6 bxc6 7. e5 Nd5 8. Ne4 Qc7 9. f4 Qb6 10. c4 Bb4+ 11. Ke2 f5 12. exf6 Nxf6 13. Be3 Qa5 14. Nxf6+ gxf6 15. a3 {[%emt 0:00:02] has lost popularity (15.Kf2).} Qh5+ 16. Kf2 Qxd1 17. Rxd1 Be7 18. Be2 h5 19. Rd2 a5 {[%emt 0:00:31] [#]} 20. Rhd1 $146 ({Predecessor:} 20. Bd3 d5 21. Bg6+ Kf8 22. cxd5 cxd5 23. Rc1 Bd6 24. Rc6 Ke7 25. f5 h4 26. Bc5 Bxc5+ 27. Rxc5 Bd7 {½-½ (27) Daubenfeld,N (2475)-Goncharenko,G (2512) ICCF email 2008}) 20... c5 21. f5 Rb8 22. Bf3 e5 23. Kg1 Rb3 24. Bf2 $11 h4 25. h3 Rh7 26. Re1 d6 27. Bc6+ Kf8 28. Be4 Rh5 29. Bf3 Rxf3 30. gxf3 Bb7 31. Re4 Rxf5 32. Rxh4 Bxf3 33. Be3 Rh5 34. Rxh5 Bxh5 35. h4 Kf7 36. Kf2 Ke6 37. b3 Kf5 38. Rd5 Kg4 39. Bd2 f5 40. Bg5 Bxg5 41. hxg5 Kxg5 42. Rxd6 Kf4 43. Rd5 e4 44. Rxc5 e3+ 45. Ke1 Bg4 46. Rxa5 Ke4 47. c5 Kd3 48. Ra4 Bf3 49. Rf4 Be4 50. Rxe4 Kxe4 51. c6 f4 52. c7 1-0

[Event "Kragero Resort International 2022"]
[Site "Kragero"]
[Date "2022.02.26"]
[Round "7.28"]
[White "Omtvedt, Aleksander"]
[Black "Shehzad, Shazil"]
[Result "0-1"]
[ECO "D05"]
[WhiteElo "1867"]
[BlackElo "2182"]
[Annotator "NA"]
[PlyCount "48"]
[EventDate "2022.02.23"]
[EventType "swiss"]
[EventCountry "NOR"]
[SourceTitle "playchess.com"]
[Source "ChessBase"]
[SourceQuality "1"]
[TimeControl "5400+30"]

1. d4 Nf6 2. Nf3 c5 3. c3 d5 4. e3 e6 5. Nbd2 Bd6 6. dxc5 Bxc5 7. b4 Bd6 8. a3 a5 9. Bb2 e5 10. Be2 h5 11. b5 Nbd7 (11... e4 $1 $11 12. Nd4 Nbd7) 12. c4 e4 13. Nd4 Ne5 14. cxd5 Bg4 15. f3 $15 (15. O-O $14) 15... Nxd5 16. Qb3 exf3 17. N2xf3 a4 18. Qa2 Nxe3 19. Kf2 Bxf3 20. gxf3 Qg5 21. Bc1 Qf4 22. Qd2 N5g4+ 23. Kg1 Bc5 24. fxg4 Bxd4 0-1

[Event "Kragero Resort International 2022"]
[Site "Kragero"]
[Date "2022.02.26"]
[Round "8.1"]
[White "Jonsson, Kristjan Dagur"]
[Black "Ostensen, Nicolai Maxime"]
[Result "0-1"]
[ECO "E17"]
[WhiteElo "1797"]
[BlackElo "1728"]
[Annotator "NA"]
[PlyCount "98"]
[EventDate "2022.02.23"]
[EventType "swiss"]
[EventCountry "NOR"]
[SourceTitle "playchess.com"]
[Source "ChessBase"]
[SourceQuality "1"]
[TimeControl "5400+30"]

1. d4 d5 2. c4 e6 3. Nf3 Nf6 4. g3 Be7 5. Bg2 O-O 6. O-O b6 7. Ne5 Bb7 8. Qc2 Qc8 9. Nc3 dxc4 10. e4 Nc6 11. Nxc6 Bxc6 12. d5 Bb7 13. Rd1 e5 14. Qa4 Bc5 15. Qxc4 Ng4 16. Rd2 Nf6 17. b4 Bd4 18. Bb2 c6 19. Qb3 c5 20. bxc5 bxc5 21. Nb5 Ba6 22. Bxd4 exd4 23. Nd6 Qc7 24. Nc4 Rab8 25. Qc2 Rb4 26. Nb2 Rfb8 27. Nd3 Rc4 28. Qd1 Rc3 29. Rc1 Rxc1 30. Qxc1 Nd7 31. Qa3 Bxd3 32. Qxd3 Ne5 33. Qf1 Rb6 34. f4 Ng4 35. e5 Ne3 36. d6 Qb8 37. Qe2 Rb1+ 38. Kf2 Qb6 39. Qf3 g6 40. d7 Kg7 41. Qa8 Rb2 42. d8=Q Rxd2+ 43. Kf3 Rf2+ 44. Kxf2 Qb2+ 45. Ke1 Qc1+ 46. Ke2 Qd1+ 47. Kf2 Qd2+ 48. Kg1 Qe1+ 49. Bf1 Qxf1# 0-1

[Event "Kragero Resort International 2022"]
[Site "Kragero"]
[Date "2022.02.26"]
[Round "8.2"]
[White "Haug, Havard"]
[Black "Haugen, Lars Tormod"]
[Result "1/2-1/2"]
[ECO "B22"]
[WhiteElo "1801"]
[BlackElo "1710"]
[Annotator "NA"]
[PlyCount "100"]
[EventDate "2022.02.23"]
[EventType "swiss"]
[EventCountry "NOR"]
[SourceTitle "playchess.com"]
[Source "ChessBase"]
[SourceQuality "1"]
[TimeControl "5400+30"]

1. e4 c5 2. c3 Nf6 3. e5 Nd5 4. d4 cxd4 5. Nf3 e6 6. cxd4 d6 7. Nc3 Nxc3 8. bxc3 Qc7 9. Bd2 Nd7 10. exd6 Bxd6 11. Bd3 b6 12. Be4 Bb7 13. Qc2 Bxe4 14. Qxe4 O-O 15. O-O e5 16. Rfe1 exd4 17. cxd4 Nf6 18. Qf5 Qc8 19. Qd3 h6 20. Nh4 Re8 21. Rxe8+ Nxe8 22. Nf5 Bf8 23. Bf4 Qd7 24. d5 Nd6 25. Nxd6 Bxd6 26. Bxd6 Qxd6 27. g3 Rc8 28. Rd1 Rc5 29. Re1 Rc8 30. Qb5 Kh7 31. Rd1 Rc5 32. Qe8 Rc7 33. Qe4+ g6 34. h4 h5 35. Qd4 Rd7 36. Rd3 Re7 37. Rc3 Qe5 38. Qxe5 Rxe5 39. Rc7 Kg7 40. d6 Rd5 41. d7 a5 42. Rb7 Kf8 43. Rxb6 Rxd7 44. Rb5 a4 45. Rb4 a3 46. Ra4 Rd3 47. Kf1 Rc3 48. Ke1 Kg7 49. Kd2 Rf3 50. Ke2 Rc3 1/2-1/2

[Event "Kragero Resort International 2022"]
[Site "Kragero"]
[Date "2022.02.26"]
[Round "8.3"]
[White "Thorisson, Benedikt"]
[Black "Engeset, Audun"]
[Result "1/2-1/2"]
[ECO "B33"]
[WhiteElo "1790"]
[BlackElo "1823"]
[Annotator "NA"]
[PlyCount "53"]
[EventDate "2022.02.23"]
[EventType "swiss"]
[EventCountry "NOR"]
[SourceTitle "playchess.com"]
[Source "ChessBase"]
[SourceQuality "1"]
[TimeControl "5400+30"]

1. e4 c5 2. Nf3 Nc6 3. d4 cxd4 4. Nxd4 Nf6 5. Nc3 e5 6. Ndb5 d6 7. Bg5 a6 8. Na3 b5 9. Nd5 Be7 10. Bxf6 Bxf6 11. c3 Bg5 12. Nc2 O-O 13. Bd3 Be6 14. Nce3 Bxe3 15. Nxe3 Ne7 16. O-O d5 17. exd5 Nxd5 18. Nxd5 Qxd5 19. Bc2 Qc5 20. Bb3 Rad8 21. Qf3 Rd2 22. Rab1 Bxb3 23. axb3 Rfd8 24. Rfe1 Qd6 25. g3 g6 26. Qe4 f6 27. Re2 1/2-1/2

[Event "Kragero Resort International 2022"]
[Site "Kragero"]
[Date "2022.02.26"]
[Round "8.4"]
[White "Carlin, Tormod"]
[Black "Amundsen, Ask"]
[Result "0-1"]
[ECO "D37"]
[WhiteElo "1630"]
[BlackElo "1819"]
[Annotator "NA"]
[PlyCount "100"]
[EventDate "2022.02.23"]
[EventType "swiss"]
[EventCountry "NOR"]
[SourceTitle "playchess.com"]
[Source "ChessBase"]
[SourceQuality "1"]
[TimeControl "5400+30"]

1. d4 d5 2. c4 e6 3. Nf3 Nf6 4. Nc3 Be7 5. Bf4 O-O 6. e3 a6 7. cxd5 Nxd5 8. Nxd5 exd5 9. Bd3 Bg4 10. O-O c6 11. h3 Bh5 12. Be2 Nd7 13. Ne5 Bxe2 14. Qxe2 Nf6 15. Rab1 Ne4 16. Qc2 Qa5 17. Ra1 Qd8 18. Nd3 a5 19. b3 Ba3 20. Nc5 Bxc5 21. dxc5 Qf6 22. a3 Rfe8 23. Rfd1 h6 24. Rd4 Re6 25. Rc1 Qe7 26. Ra4 Qd8 27. Qd1 Rg6 28. b4 Qh4 29. g3 Qxh3 30. Rxa5 Rxa5 31. bxa5 h5 32. Qf1 Qc8 33. Kh2 Qa8 34. Bc7 Qc8 35. Bf4 Nd2 36. Qh3 Qe8 37. Qxh5 Qe4 38. Rd1 Nf3+ 39. Kh3 Re6 40. Qg4 Ne5 41. Qh4 Ng6 42. Qd8+ Kh7 43. Qg5 Qf3 44. Rd4 Nxf4+ 45. Rxf4 Qh1+ 46. Kg4 Rg6 47. Rxf7 Qh6 48. f4 Rxg5+ 49. fxg5 Qe6+ 50. Rf5 g6 0-1

[Event "Kragero Resort International 2022"]
[Site "Kragero"]
[Date "2022.02.26"]
[Round "8.5"]
[White "Hammari, Vinjar"]
[Black "Stromhaug, Kristoffer Wang"]
[Result "0-1"]
[ECO "E07"]
[WhiteElo "1775"]
[BlackElo "1694"]
[Annotator "NA"]
[PlyCount "86"]
[EventDate "2022.02.23"]
[EventType "swiss"]
[EventCountry "NOR"]
[SourceTitle "playchess.com"]
[Source "ChessBase"]
[SourceQuality "1"]
[TimeControl "5400+30"]

1. d4 d5 2. c4 c6 3. Nf3 Nf6 4. Nc3 e6 5. g3 Nbd7 6. b3 Be7 7. Bg2 O-O 8. O-O Re8 9. Qc2 b6 10. Rd1 Ba6 11. Nd2 e5 12. dxe5 Nxe5 13. Nf3 Nxf3+ 14. Bxf3 Bb4 15. Bb2 Qc7 16. cxd5 cxd5 17. Qf5 Bxc3 18. Rac1 Qe5 19. Qxf6 Qxf6 20. Bxc3 Qe7 21. Rxd5 Bb7 22. Re5 Qxe5 23. Bxe5 Bxf3 24. Bf4 Rxe2 25. a4 Rae8 26. Be3 Rb2 27. h3 Rxb3 28. g4 Ra3 29. Rc4 Bd1 30. Kg2 Rxa4 31. Rc7 Be2 32. Kg3 Ra8 33. Re7 b5 34. Bc5 Bc4 35. Rb7 Ra2 36. Kf4 h6 37. h4 a5 38. g5 hxg5+ 39. hxg5 b4 40. g6 fxg6 41. Kg5 Rd2 42. Kxg6 Bf7+ 43. Rxf7 Ra6+ 0-1

[Event "Kragero Resort International 2022"]
[Site "Kragero"]
[Date "2022.02.26"]
[Round "8.6"]
[White "Stolp, Aleksander"]
[Black "Bjarnason, Snorri Vikanes"]
[Result "1/2-1/2"]
[ECO "A34"]
[WhiteElo "1680"]
[BlackElo "1606"]
[Annotator "NA"]
[PlyCount "167"]
[EventDate "2022.02.23"]
[EventType "swiss"]
[EventCountry "NOR"]
[SourceTitle "playchess.com"]
[Source "ChessBase"]
[SourceQuality "1"]
[TimeControl "5400+30"]

1. c4 c5 2. g3 Nf6 3. Bg2 d5 4. cxd5 Nxd5 5. Nc3 Nc7 6. d3 Nc6 7. Nf3 e5 8. b3 Be7 9. Bb2 Be6 10. Rc1 b6 11. h4 f6 12. Qc2 Qd7 13. Ne4 Rc8 14. Qd2 Nd5 15. Nc3 O-O 16. O-O Rfd8 17. Rfd1 h6 18. Kh2 Kf7 19. Rg1 g5 20. h5 Nxc3 21. Qxc3 Nd4 22. Qe1 Bg4 23. Bxd4 cxd4 24. Qd2 Ba3 25. Rxc8 Rxc8 26. e3 Bxh5 27. exd4 Bxf3 28. Bxf3 Qxd4 29. Be4 Qb2 30. Qxb2 Bxb2 31. f3 Bd4 32. Rg2 h5 33. Bd5+ Kg6 34. b4 f5 35. g4 Rh8 36. gxf5+ Kxf5 37. b5 Kf4 38. Rc2 Bc5 39. Kg2 g4 40. fxg4 hxg4 41. Be6 g3 42. Rc4+ Bd4 43. Bh3 Rh7 44. Rc8 Bc5 45. Rd8 Rg7 46. Rd7 Rxd7 47. Bxd7 Bf2 48. Be8 Ke3 49. Bg6 Kd4 50. Bf5 Kc5 51. Bd7 Kd4 52. Bf5 Kc3 53. Bg6 Kb4 54. Be8 Ka4 55. Bd7 Kb4 56. Be8 Kc5 57. Bd7 Kd6 58. Be8 Ke7 59. Bc6 Kd8 60. Be4 Kd7 61. Bc6+ Kd6 62. Be8 Kc5 63. Bd7 Kb4 64. Be8 Ka5 65. Bd7 a6 66. bxa6 Kxa6 67. Be8 b5 68. Bf7 Kb6 69. Bb3 Kc5 70. Bf7 Kd4 71. Bg6 Kc3 72. Bh7 Kb2 73. Bg8 b4 74. Bf7 Kc3 75. Bg6 Be1 76. Bh7 Kb2 77. Bg8 Kc3 78. Bh7 b3 79. axb3 Kxb3 80. Be4 Bf2 81. Bh7 Be1 82. Be4 Bf2 83. Bh7 Be1 84. Be4 1/2-1/2

[Event "Kragero Resort International 2022"]
[Site "Kragero"]
[Date "2022.02.26"]
[Round "8.7"]
[White "Omarsson, Adam"]
[Black "Strand, Amund Pihl"]
[Result "0-1"]
[ECO "A77"]
[WhiteElo "1546"]
[BlackElo "1748"]
[Annotator "NA"]
[PlyCount "74"]
[EventDate "2022.02.23"]
[EventType "swiss"]
[EventCountry "NOR"]
[SourceTitle "playchess.com"]
[Source "ChessBase"]
[SourceQuality "1"]
[TimeControl "5400+30"]

1. d4 Nf6 2. c4 c5 3. d5 e6 4. Nc3 exd5 5. cxd5 d6 6. e4 g6 7. h3 Bg7 8. Nf3 O-O 9. Be2 Re8 10. Nd2 Nbd7 11. O-O a6 12. a4 Rb8 13. a5 b5 14. axb6 Rxb6 15. Nc4 Rb4 16. Nxd6 Nxe4 17. Ndxe4 Rexe4 18. Nxe4 Rxe4 19. Ra4 Bd4 20. Bf3 Rh4 21. Re1 Nb6 22. Ra1 Kg7 23. d6 Qxd6 24. Be3 Nc4 25. Bxd4+ Rxd4 26. Qe2 Be6 27. Rad1 Qb6 28. Rxd4 cxd4 29. Rc1 Qb3 30. Qd1 Qxb2 31. Rc2 Qb6 32. Qd3 Ne5 33. Qe4 Nxf3+ 34. Qxf3 Qb1+ 35. Kh2 Qxc2 36. Qf4 Qc5 37. Qd2 a5 0-1

[Event "Kragero Resort International 2022"]
[Site "Kragero"]
[Date "2022.02.26"]
[Round "8.8"]
[White "Digernes, Mikael"]
[Black "Alvanjyan, Aida"]
[Result "0-1"]
[ECO "C01"]
[WhiteElo "1723"]
[BlackElo "1566"]
[Annotator "NA"]
[PlyCount "64"]
[EventDate "2022.02.23"]
[EventType "swiss"]
[EventCountry "NOR"]
[SourceTitle "playchess.com"]
[Source "ChessBase"]
[SourceQuality "1"]
[TimeControl "5400+30"]

1. e4 e6 2. d4 d5 3. exd5 exd5 4. Nf3 Bd6 5. c3 Ne7 6. Bd3 Bf5 7. O-O O-O 8. Re1 Bg6 9. Bxg6 Nxg6 10. Qb3 b6 11. Nbd2 Nc6 12. Nf1 Nce7 13. Ng3 Qd7 14. Bg5 Rfe8 15. Qc2 Rac8 16. Bxe7 Bxe7 17. Nf5 Bf6 18. Ne3 Ne7 19. h3 g6 20. Ng4 Bg7 21. Nfe5 Qd6 22. Qd2 Nf5 23. Qf4 c5 24. dxc5 bxc5 25. Rad1 h5 26. Qf3 Bxe5 27. Rxd5 hxg4 28. hxg4 Bh2+ 29. Kf1 Qa6+ 30. Rd3 Red8 31. Red1 Rxd3 32. Rxd3 Rd8 0-1

[Event "Kragero Resort International 2022"]
[Site "Kragero"]
[Date "2022.02.26"]
[Round "8.11"]
[White "Injac, Teodora"]
[Black "Thorhallsson, Simon"]
[Result "1/2-1/2"]
[ECO "E65"]
[WhiteElo "2407"]
[BlackElo "2245"]
[Annotator "NA"]
[PlyCount "52"]
[EventDate "2022.02.23"]
[EventType "swiss"]
[EventCountry "NOR"]
[SourceTitle "playchess.com"]
[Source "ChessBase"]
[SourceQuality "1"]
[TimeControl "5400+30"]

1. d4 Nf6 2. c4 g6 3. Nf3 Bg7 4. g3 O-O 5. Bg2 d6 6. O-O c5 7. Nc3 Nc6 8. dxc5 dxc5 9. Be3 b6 10. Ne5 Nxe5 11. Qxd8 Rxd8 12. Bxa8 Be6 13. Bb7 Nxc4 14. Bc1 Ne8 15. Rd1 Rxd1+ 16. Nxd1 Ned6 17. Bf3 b5 18. Nc3 Bxc3 19. bxc3 b4 20. cxb4 cxb4 21. Bc6 a5 22. Bf4 Nb6 23. Be3 Nbc4 24. Bf4 Nb6 25. Be3 Nbc4 26. Bf4 Nb6 1/2-1/2

[Event "Kragero Resort International 2022"]
[Site "Kragero"]
[Date "2022.02.26"]
[Round "8.12"]
[White "Nikolic, Vladan"]
[Black "Sagafos, Magne"]
[Result "0-1"]
[ECO "E63"]
[WhiteElo "2218"]
[BlackElo "2386"]
[Annotator "NA"]
[PlyCount "80"]
[EventDate "2022.02.23"]
[EventType "swiss"]
[EventCountry "NOR"]
[SourceTitle "playchess.com"]
[Source "ChessBase"]
[SourceQuality "1"]
[TimeControl "5400+30"]

1. d4 Nf6 2. c4 g6 3. g3 Bg7 4. Bg2 O-O 5. Nc3 d6 6. Nf3 Nc6 7. O-O a6 8. b3 Rb8 9. d5 Na5 10. Bg5 c5 11. dxc6 bxc6 12. Rc1 c5 13. Qd2 Nc6 14. Ne1 Nd4 15. Nc2 Ne6 16. Bh6 Bxh6 17. Qxh6 Bd7 18. Ne4 Nxe4 19. Bxe4 Qa5 20. Ra1 Qc3 21. Ne3 Qe5 22. Bf3 Nd4 23. Rad1 a5 24. Rd3 a4 25. bxa4 Rb2 26. Nd5 Nf5 27. Qc1 e6 28. Ne3 Nd4 29. Ng4 Qg7 30. Ra3 Rxe2 31. Qd1 Rb2 32. a5 h5 33. Ne3 Rd2 34. Bg2 Rxd1 35. Rxd1 Bc6 36. a6 Ne2+ 37. Kf1 Bxg2+ 38. Kxg2 Qb2 39. Rdd3 Nd4 40. a7 Qb7+ 0-1

[Event "Kragero Resort International 2022"]
[Site "Kragero"]
[Date "2022.02.26"]
[Round "8.16"]
[White "Osmak, Yuliia"]
[Black "Radeva, Viktoria"]
[Result "1-0"]
[ECO "D36"]
[WhiteElo "2432"]
[BlackElo "2261"]
[Annotator "NA"]
[PlyCount "85"]
[EventDate "2022.02.23"]
[EventType "swiss"]
[EventCountry "NOR"]
[SourceTitle "playchess.com"]
[Source "ChessBase"]
[SourceQuality "1"]
[TimeControl "5400+30"]

1. c4 e6 2. Nc3 d5 3. d4 Nf6 4. cxd5 exd5 5. Bg5 c6 6. e3 Bd6 7. Bd3 O-O 8. Qc2 h6 9. Bh4 Re8 10. Nf3 Nbd7 11. Bg3 Nf8 12. O-O Ne6 13. Ne5 Ng5 14. f3 a6 15. Rae1 c5 16. f4 Ne6 17. Bh4 Be7 18. Bf5 cxd4 19. Bxe6 Bxe6 20. exd4 Rc8 21. Qb3 Ne4 22. Bxe7 Rxe7 23. f5 Nd2 24. Qd1 Nxf1 25. fxe6 Rxe6 26. Rxf1 f6 27. Ng6 b5 28. Qg4 Rcc6 29. Nf4 Red6 30. Nh5 Qe7 31. Ng3 Qe3+ 32. Kh1 Qg5 33. Qe2 b4 34. Na4 Re6 35. Qd1 Qe3 36. Nc5 Re8 37. Qa4 Rb6 38. Qd7 Qe7 39. Qxd5+ Kh8 40. Nf5 Qe2 41. Kg1 Qg4 42. Qd7 Re2 43. Ng3 1-0

[Event "Kragero Resort International 2022"]
[Site "Kragero"]
[Date "2022.02.26"]
[Round "8.17"]
[White "Reimanis, Ritvars"]
[Black "Van Dael, Siem"]
[Result "1/2-1/2"]
[ECO "A38"]
[WhiteElo "2397"]
[BlackElo "2303"]
[Annotator "ChessBase"]
[PlyCount "49"]
[EventDate "2022.02.23"]
[EventType "swiss"]
[EventCountry "NOR"]
[SourceTitle "playchess.com"]
[Source "ChessBase"]
[SourceQuality "1"]
[TimeControl "5400+30"]

1. Nf3 Nf6 2. c4 g6 3. Nc3 Bg7 4. g3 O-O 5. Bg2 d6 6. O-O c5 7. Rb1 Nc6 8. a3 a5 9. e4 Ne8 10. Ne1 Nc7 11. Nc2 Ne6 12. b4 axb4 13. axb4 cxb4 14. Nxb4 Ned4 15. Nc2 Be6 16. d3 Rb8 17. Be3 Qd7 18. Nxd4 Nxd4 19. Nb5 Nc6 20. Qe2 f5 21. f3 fxe4 22. fxe4 Bg4 23. Qd2 Ne5 24. Bf4 Bh3 25. Bxe5 1/2-1/2

[Event "Kragero Resort International 2022"]
[Site "Kragero"]
[Date "2022.02.26"]
[Round "8.18"]
[White "Alinasab, Mobina"]
[Black "Kenneskog, Theodor"]
[Result "1-0"]
[ECO "B90"]
[WhiteElo "2325"]
[BlackElo "2344"]
[Annotator "NA"]
[PlyCount "69"]
[EventDate "2022.02.23"]
[EventType "swiss"]
[EventCountry "NOR"]
[SourceTitle "playchess.com"]
[Source "ChessBase"]
[SourceQuality "1"]
[TimeControl "5400+30"]

1. e4 c5 2. Nf3 d6 3. d4 cxd4 4. Nxd4 Nf6 5. Nc3 a6 6. Be3 e5 7. Nf3 Qc7 8. Be2 Be7 9. a4 b6 10. Bg5 Nbd7 11. O-O O-O 12. Nd2 h6 13. Bh4 Bb7 14. Bc4 Nc5 15. Bxf6 Bxf6 16. Bd5 Bg5 17. Nc4 Bxd5 18. Nxd5 Qc6 19. Ncxb6 Rab8 20. a5 Qb5 21. Qb1 Qc6 22. Qe1 Bd8 23. b4 Ne6 24. c3 f5 25. exf5 Nf4 26. Rd1 Re8 27. Nxf4 exf4 28. Rxd6 Qb5 29. c4 Rxe1 30. cxb5 Rxf1+ 31. Kxf1 axb5 32. Nd5 Rc8 33. Rd7 Bg5 34. a6 Rc1+ 35. Ke2 1-0

[Event "Kragero Resort International 2022"]
[Site "Kragero"]
[Date "2022.02.26"]
[Round "8.19"]
[White "Shehzad, Shazil"]
[Black "Abdrlauf, Elham"]
[Result "0-1"]
[ECO "B11"]
[WhiteElo "2182"]
[BlackElo "2343"]
[Annotator "NA"]
[PlyCount "80"]
[EventDate "2022.02.23"]
[EventType "swiss"]
[EventCountry "NOR"]
[SourceTitle "playchess.com"]
[Source "ChessBase"]
[SourceQuality "1"]
[TimeControl "5400+30"]

1. e4 c6 2. Nc3 d5 3. Nf3 dxe4 4. Nxe4 Nf6 5. Qe2 Nxe4 6. Qxe4 Nd7 7. Bc4 Nf6 8. Ne5 e6 9. Qe2 b5 10. Bd3 Qc7 11. a4 Bd6 12. Nxc6 b4 13. Nd4 a6 14. Nf5 Be5 15. Nxg7+ Kf8 16. Nh5 Nxh5 17. Qxh5 Bb7 18. O-O Rg8 19. f3 f5 20. Qh6+ Kf7 21. c3 Rg6 22. Qh5 Rag8 23. Rf2 Kf8 24. Bf1 Bf4 25. d4 Bxc1 26. Rxc1 Qf4 27. Re1 Rh6 28. Qxh6+ Qxh6 29. cxb4 Qf4 30. Rxe6 Qxd4 31. b5 axb5 32. axb5 Bxf3 33. Ra6 Be4 34. b3 Rg7 35. Ra4 Qe3 36. Rc4 Rd7 37. Rc8+ Kg7 38. b6 Rd2 39. Rc7+ Kh6 40. Rc6+ Bxc6 0-1